 Dungeon Crawl Stone Soup version 0.22-a0-479-gc6e99f3 (webtiles) character file.

27419 aronpayne the Grappler (level 13, -1/137 HPs)
             Began as a Troll Fighter on May 26, 2018.
             Was a Priest of Ru.
             Slain by a yak (8 damage)
             ... on level 5 of the Lair of Beasts on June 14, 2018.
             The game lasted 01:33:28 (14639 turns).

aronpayne the Grappler (Troll Fighter)             Turns: 14639, Time: 01:33:29

Health: -1/137     AC:  8    Str: 23 (25) XL:     13   Next: 4%
Magic:  13/14      EV: 14    Int:  2 (5)  God:    Ru [***...]
Gold:   669        SH:  0    Dex:  8 (11) Spells: 12/15 levels left

rFire    + . .     SeeInvis .     - Unarmed
rCold    . . .     Gourm    +   (no shield)
rNeg     . . .     Faith    .   c - +1 robe of the Mind {rF+ Regen+ Str-5 Dex+2}
rPois    .         Spirit   .   F - +1 hat
rElec    .         Reflect  .   E - +0 cloak {+Inv}
rCorr    .         Harm     .   (gloves unavailable)
MR       +....                  (boots unavailable)
Stlth    ..........             t - amulet of regeneration
HPRegen  1.52/turn              p - ring of protection from magic
MPRegen  0.14/turn              o - +2 ring of evasion

@: hasted, heavily drained, very quick
A: large, unfitting armour, claws 3, fast metabolism 3, gourmand, regeneration
1, shaggy fur 1, tough skin 2, no stealth, inability to train armour, no charms
magic, no necromancy magic, no poison magic
a: Draw Out Power, Renounce Religion, Evoke Invisibility


You were on level 5 of the Lair of Beasts.
You worshipped Ru.
Ru was most pleased with you.
You were very full.

You visited 3 branches of the dungeon, and saw 17 of its levels.
You also visited: Labyrinth.

You collected 893 gold pieces.
You spent 224 gold pieces at shops.

Inventory:

Missiles
 k - 257 stones (quivered)
Armour
 a - a +1 robe
 b - a +0 shield
 c - the +1 robe of the Mind (worn) {rF+ Regen+ Str-5 Dex+2}
   (You bought it in a shop on level 4 of the Dungeon)

   It affects your strength (-5).
   It affects your dexterity (+2).
   It protects you from fire.
   It increases your rate of regeneration.
 u - a +1 robe of cold resistance
 D - a +0 troll leather armour
 E - a +0 cloak of invisibility (worn)
 F - a +1 hat (worn)
Jewellery
 e - an uncursed amulet of magic regeneration
 o - a +2 ring of evasion (right claw)
 p - a ring of protection from magic (left claw)
 s - an uncursed ring of protection from fire
 t - an amulet of regeneration (around neck)
 y - an uncursed ring of magical power
 Q - an uncursed ring of protection from magic
Wands
 i - a wand of acid (5)
 m - a wand of enslavement (38)
 r - a wand of iceblast (16)
 w - a wand of digging (13)
 A - a wand of flame (6)
 M - a wand of disintegration (10)
 R - a wand of polymorph (11)
 S - a wand of random effects (34)
Scrolls
 f - 6 scrolls of teleportation
 g - a scroll of enchant weapon
 h - 6 scrolls of magic mapping
 n - 3 scrolls of fog
 v - 3 scrolls of immolation
 B - a scroll of enchant armour
 H - a scroll of torment {unknown}
 J - a scroll of identify
 K - a scroll of amnesia
 O - a scroll of summoning {unknown}
Potions
 j - 3 potions of cancellation
 l - a potion of magic
 q - 5 potions of curing
 x - 2 potions of invisibility
 z - a potion of brilliance {unknown}
 G - a potion of degeneration
 L - a potion of agility
Miscellaneous
 I - a lightning rod (inert)
Comestibles
 d - 30 rations
 C - 5 chunks of flesh


   Skills:
 + Level 11.2(9.0) Fighting
 + Level 10.3(8.1) Dodging
 - Level 2.4(0.6) Shields
 - Level 13.0(10.6) Unarmed Combat
 + Level 1.5(0.0) Spellcasting
 + Level 1.6(0.0) Hexes


You had 12 spell levels left.
You knew the following spells:

 Your Spells              Type           Power        Failure   Level  Hunger
a - Tukima's Dance        Hex            #.......     89%         3    ####...

Your spell library contained the following spells:

 Spells                   Type           Power        Failure   Level  Hunger
 Confuse                  Hex            #.......     89%         3    ####...
 Regeneration             Chrm/Necr      #.........   89%         3    ####...
 Swiftness                Chrm/Air       #.......     69%         2    ###....
 Ensorcelled Hibernation  Hex/Ice        #.....       69%         2    ###....
 Corona                   Hex            #......      54%         1    ##.....
 Shroud of Golubria       Chrm/Tloc      #.........   69%         2    ###....
 Iskenderun's Battlesphe  Conj/Chrm      #.......     100%        5    ######.
 Dazzling Spray           Conj/Hex       #.....       89%         3    ####...
 Force Lance              Conj/Tloc      #.......     100%        4    #####..


Dungeon Overview and Level Annotations

Branches:
Dungeon (11/15)            Temple (1/1) D:7            Lair (5/6) D:8
  Swamp (0/4) Lair:3        Snake (0/4) Lair:4          Orc (0/2) D:10
  Slime: Lair:5-6

Altars:
Ashenzari
Cheibriados
Dithmenos
Elyvilon
Fedhas
Gozag
Hepliaklqana
Kikubaaqudgha
Makhleb
Nemelex Xobeh
Okawaru
Qazlal
Ru
Sif Muna
Trog
Uskayaw
Vehumet
Wu Jian
Xom
Yredelemnul
Zin
The Shining One

Shops:
D:4 *   D:5 [   D:9 %*}

Annotations:
D:4 antique shop
D:8 Mgcat's ghost, novice OgBe
D:10 Verendum's ghost, journeyman FoGl


Innate Abilities, Weirdness & Mutations

You are too large for most types of armour.
You have claws for hands.
Your metabolism is lightning-fast.
You like to eat raw meat.
Your natural rate of healing is unusually fast.
You are covered in fur. (AC +1)
You have very tough skin. (AC +2)
You cannot be stealthy.
You cannot train Armour skill.
You cannot study or cast Charms magic.
You cannot study or cast Necromancy magic.
You cannot study or cast Poison magic.


Message History

You feel better. The elephant tramples you!
* * * LOW HITPOINT WARNING * * *
You hold your ground!
The elephant closely misses you. The elephant barely misses you.
The elephant trunk-slaps you but does no damage.
The hell rat barely misses you. The yak closely misses you.
It was a potion of degeneration.
There was something very wrong with that liquid.
You feel weakened.
You feel dopey.
You feel clumsy. The elephant tramples you.
* * * LOW HITPOINT WARNING * * *
You hold your ground!
You focus your will and illuminate the elephant in retribution!
The elephant closely misses you. The hell rat closely misses you.
The elephant tramples you but does no damage.
The elephant closely misses you.
You scratch the elephant.
The elephant is lightly wounded.
The yak gores you!
You die...

#...............P.....#P..##
..........................#.#
......................#.....
### #................#...P.#
#.#####......P..........P.####
###....#...............#..P## #
.#.#P...[...#####.##....#...###
# ...<...#.....#
#Yr##.......P#.###
.....#########
#@Y.#...........PP #.###.#
##Y###..PP......P. ## ##
##Y###..P.....P...
##..##.#...........
#P...#.#...Y......#
###..........P.####
##...#.#P.#### ###.###### ###


You could see 2 elephants, 2 yaks and a hell rat.

Vanquished Creatures
  Gastronok (Lair:1)
  A minotaur (Lab)
  2 hydras
  A two-headed ogre (D:10)
  A cyclops (D:11)
  The ghost of KristoblXynda the Carver, a novice DrGl (D:5)
  3 elephants (Lair:5)
  Maurice (D:9)
  3 black mambas
  A gargoyle (D:10)
  2 rime drakes
  2 spiny frogs
  4 komodo dragons
  3 trolls
  A merfolk (D:9)
  Grinder (D:4)
  6 hippogriffs
  9 blink frogs
  2 bog bodies (Lair:3)
  3 redbacks (Lab)
  A wraith (D:10)
  2 wyverns
  2 shadows (Lab)
  20 yaks
  8 hungry ghosts (Lab)
  A basilisk (Lair:1)
  A steam dragon (D:8)
  3 nagas (Lair:4)
  2 swamp worms (Lair:3)
  6 water moccasins
  8 porcupines
  An ice beast (D:8)
  6 orc warriors
  4 sky beasts
  An ogre (D:11)
  A phantom (D:9)
  3 wolves (Lair:4)
  4 centaurs
  2 big kobolds
  10 crocodiles
  12 bullfrogs
  3 scorpions
  2 killer bees
  An electric eel (Lair:3)
  2 howler monkeys (D:9)
  9 crimson imps
  4 hounds
  A quasit (D:11)
  A jelly (D:8)
  2 centaur skeletons (D:10)
  11 orc priests
  22 orc wizards
  A bullfrog skeleton (D:10)
  2 iguanas
  4 hell rats (Lair:5)
  11 worker ants
  2 hound zombies
  A howler monkey zombie (D:8)
  7 adders
  3 gnolls (D:9)
  4 howler monkey skeletons
  2 shadow imps (D:11)
  An adder skeleton (D:4)
  2 dart slugs
  A leopard gecko (D:5)
  59 orcs
  4 giant cockroaches
  4 goblins
  7 hobgoblins
  13 jackals
  5 quokkas
  2 ball pythons
  10 bats
  5 frilled lizards
  13 kobolds
  A leopard gecko zombie (D:9)
  13 rats
  3 butterflies (Lair:3)
384 creatures vanquished.

Vanquished Creatures (others)
  A redback (Lab)
  An orc (D:4)
  9 fungi
  10 plants
21 creatures vanquished.

Grand Total: 405 creatures vanquished

Notes
Turn   | Place    | Note
-------+----------+-------------------------------------------
     0 | D:1      | aronpayne the Troll Fighter began the quest for the Orb.
     0 | D:1      | Reached XP level 1. HP: 22/22 MP: 0/0
    97 | D:1      | Reached XP level 2. HP: 29/29 MP: 1/1
   680 | D:2      | Reached XP level 3. HP: 34/36 MP: 2/2
  1238 | D:3      | Reached skill level 3 in Unarmed Combat
  1524 | D:3      | Reached XP level 4. HP: 44/45 MP: 3/3
  1785 | D:4      | Noticed Grinder
  1789 | D:4      | Paralysed by Grinder for 6 turns
  1798 | D:4      | HP: 1/45 [Grinder (3)]
  1801 | D:4      | Killed Grinder
  1801 | D:4      | Reached skill level 4 in Unarmed Combat
  1801 | D:4      | Reached XP level 5. HP: 2/54 MP: 4/4
  1801 | D:4      | Reached XP level 6. HP: 2/62 MP: 5/5
  1963 | D:4      | HP: 3/62 [quokka (2)]
  1995 | D:4      | Reached skill level 5 in Unarmed Combat
  2004 | D:4      | Reached XP level 7. HP: 46/71 MP: 6/6
  2119 | D:4      | Found Odelol's Assorted Antiques.
  2176 | D:4      | Bought a crude robe for 119 gold pieces
  2186 | D:4      | Identified the cursed +1 robe of the Mind {rF+ Regen+ Str-5 Dex+2} (You bought it in a shop on level 4 of the Dungeon)
  2499 | D:5      | Entered Level 5 of the Dungeon
  2508 | D:5      | Reached skill level 5 in Fighting
  2638 | D:5      | Noticed KristoblXynda's ghost (novice DrGl)
  2668 | D:5      | Killed KristoblXynda's ghost
  2668 | D:5      | Reached skill level 6 in Unarmed Combat
  2668 | D:5      | Reached XP level 8. HP: 27/83 MP: 7/7
  2777 | D:4      | Bought a twisted agate ring for 105 gold pieces
  2919 | D:5      | Found Jogeng Buta's Armour Boutique.
  3105 | D:5      | Reached skill level 7 in Unarmed Combat
  4000 | D:7      | Found a staircase to the Ecumenical Temple.
  4005 | Temple   | Entered the Ecumenical Temple
  4200 | Temple   | Became a worshipper of Ru the Awakened
  4277 | D:7      | Found a sparkling altar of Nemelex Xobeh.
  4371 | D:7      | Reached XP level 9. HP: 92/92 MP: 8/8
  4493 | D:7      | Reached skill level 5 in Dodging
  4535 | D:7      | Found a glowing golden altar of the Shining One.
  4783 | D:8      | Reached skill level 8 in Unarmed Combat
  4794 | D:8      | Noticed Mgcat's ghost (novice OgBe)
  5452 | D:8      | Found a staircase to the Lair.
  5751 | D:9      | Found Togaempa's Food Boutique.
  5751 | D:9      | Noticed a troll
  5759 | D:9      | Killed a troll
  5759 | D:9      | Reached skill level 9 in Unarmed Combat
  5827 | D:9      | Found Mogie's General Store.
  5878 | D:9      | Found Woathep's Gadget Emporium.
  5997 | D:9      | Gained mutation: You cannot study or cast Poison magic. [Ru sacrifice]
  5997 | D:9      | Gained mutation: You cannot study or cast Necromancy magic. [Ru sacrifice]
  5997 | D:9      | Gained mutation: You cannot study or cast Charms magic. [Ru sacrifice]
  5997 | D:9      | Reached * piety under Ru
  6119 | D:9      | Noticed Maurice
  6136 | D:9      | Killed Maurice
  6136 | D:9      | Reached XP level 10. HP: 94/104 MP: 9/9
  6601 | D:10     | Entered Level 10 of the Dungeon
  6611 | D:10     | Noticed Verendum's ghost (journeyman FoGl)
  6812 | D:10     | Reached skill level 10 in Unarmed Combat
  6908 | D:10     | Noticed a gargoyle
  6920 | D:10     | Killed a gargoyle
  7196 | D:10     | Noticed a two-headed ogre
  7237 | D:10     | Reached skill level 11 in Unarmed Combat
  7624 | D:10     | Killed a two-headed ogre
  7733 | D:11     | Reached XP level 11. HP: 99/113 MP: 10/10
  7973 | D:11     | Gained mutation: You cannot be stealthy. [Ru sacrifice]
  7973 | D:11     | Reached ** piety under Ru
  7985 | D:11     | Noticed a red ugly thing
  8317 | D:10     | Found a staircase to the Orcish Mines.
  8568 | D:11     | Reached skill level 12 in Unarmed Combat
  8741 | D:11     | Noticed a six-headed hydra
  9005 | D:8      | Found a burning altar of Makhleb.
  9005 | D:8      | Found a white marble altar of Elyvilon.
  9006 | D:8      | Found a glowing silver altar of Zin.
  9008 | D:8      | Found a radiant altar of Vehumet.
  9244 | Lair:1   | Entered Level 1 of the Lair of Beasts
  9580 | Lair:1   | Noticed Gastronok
  9594 | Lair:1   | Killed Gastronok
  9827 | Lair:1   | Gained mutation: You cannot train Armour skill. [Ru sacrifice]
  9827 | Lair:1   | Reached *** piety under Ru
  9875 | Lair:1   | Reached skill level 13 in Unarmed Combat
 10326 | Lair:1   | You fall through a shaft!
 10661 | Lair:2   | Reached XP level 12. HP: 96/126 MP: 11/11
 11170 | Lair:3   | Noticed a six-headed hydra
 11176 | Lair:3   | Killed a six-headed hydra
 11176 | Lair:3   | Reached skill level 10 in Fighting
 11850 | Lair:3   | Found a staircase to the Swamp.
 12471 | Lair:4   | Found a labyrinth entrance.
 12479 | Lab      | Entered a labyrinth
 12717 | Lab      | Found an exit through the horrors of the Abyss.
 13472 | Lab      | Noticed a minotaur
 13489 | Lab      | Killed a minotaur
 13489 | Lab      | Reached skill level 10 in Dodging
 13499 | Lab      | Identified Kimif's Incunabulum of Displacement and Boosts
 13565 | Lab      | Learned a level 3 spell: Tukima's Dance
 13594 | Lair:4   | Noticed a five-headed hydra
 13605 | Lair:4   | Killed an eight-headed hydra
 13804 | Lair:4   | Found a staircase to the Snake Pit.
 14032 | Lair:4   | Reached skill level 1 in Hexes
 14375 | Lair:5   | Noticed a six-headed hydra
 14493 | Lair:5   | Reached skill level 1 in Spellcasting
 14627 | Lair:5   | Reached XP level 13. HP: 70/137 MP: 12/14
 14638 | Lair:5   | HP: 6/137 [elephant (5)]
 14639 | Lair:5   | Slain by a yak

Vault maps used:
D:1:      dpeg_arrival_ratfight
D:2:      first_ration
D:4:      serial_shops, nicolae_shop_waterfront, uniq_grinder
D:5:      lemuel_upstairs_altar, serial_shops, nicolae_shop_trees,
          minmay_misc_feat_encased
D:7:      lemuel_crystal_altar, nemelex_xobeh_ov_fountains_minmay,
          minmay_temple_entry_statues_pillars
D:8:      minitemple, dpeg_oklobed_lair
D:9:      serial_shops, shop, kennysheep_mini_moat, nicolae_shop_stone,
          hangedman_fish_farm, minmay_misc_feat_five, uniq_maurice
D:10:     hiddenorc1_lemuel
D:11:     serial_shops, shop
Temple:   eino_temple_scatter_basement
Lair:1:   minivault_26, infiniplex_staircase_pool_2, grunt_megastairs_1,
          uniq_gastronok
Lair:2:   st_stairs_4
Lair:3:   nicolae_swamp_entry_splash_gauntlet, lemuel_fruit_fields
Lair:4:   guppyfry_snake_entry_garden, serial_forest,
          infiniplex_forest_straight_2, infiniplex_forest_lined_2,
          infiniplex_forest_fountain, infiniplex_forest_end_2, lab_entry_generic
Lair:5:   slime_altar_2, enter_volcano_4, lemuel_fruit_fields
Lab:      nicolae_lab_dead_adventurers, nicolae_lab_plus,
          nicolae_lab_flowing_pool, lab_statue, nicolae_lab_quarters,
          nicolae_lab_grate_2, nicolae_lab_dead_end

Skill      XL: |  1  2  3  4  5  6  7  8  9 10 11 12 |
---------------+-------------------------------------+-----
Fighting       | 3 4 5 6 7 8 9 11 | 11.2
Unarmed Combat | 3 4 5 6 7 9 11 13 | 13.0
Dodging        | 3 4 6 7 8 10 | 10.3
Hexes          | 1 |  1.6
Spellcasting   | 1 |  1.5
Shields        | |  2.4

Action                   |  1- 3 |  4- 6 |  7- 9 | 10-12 | 13-15 || total
-------------------------+-------+-------+-------+-------+-------++-------
Melee: Unarmed           |   124 |    79 |   349 |   712 |     8 ||  1272
       Punch             |       |       |    14 |    40 |     2 ||    56
Throw: Stone             |       |       |     3 |    59 |       ||    62
Invok: Sacrifice Arcana  |       |       |     1 |       |       ||     1
       Sacrifice Stealth |       |       |       |     1 |       ||     1
       Sacrifice Durabil |       |       |       |     1 |       ||     1
       Draw Out Power    |       |       |       |     1 |       ||     1
       Reject Sacrifices |       |       |       |     1 |       ||     1
Evoke: Wand              |       |       |     4 |    20 |       ||    24
       Lightning rod     |       |       |       |     6 |       ||     6
  Use: Potion            |       |     7 |     1 |     5 |     4 ||    17
       Scroll            |       |       |    18 |    10 |       ||    28
 Stab: Invisible         |       |     3 |     2 |     1 |       ||     6
       Distracted        |       |       |       |     1 |       ||     1
  Eat: Chunk             |    19 |     4 |    39 |    70 |       ||   132
       Ration            |       |       |       |     5 |       ||     5
Armor: Robe              |    51 |    28 |    59 |   123 |     8 ||   269
Dodge: Dodged            |    70 |    72 |   203 |   435 |    25 ||   805

Table legend:
 A = Spawn XP
 B = Non-spawn XP
 C = Spawn XP percentage of total XP
 D = Spawn monster count
 E = Non-spawn monster count
 F = Spawn count percentage of total count
 G = Total turns spent on level
                    A         B        C        D         E        F      G
               +---------+---------+-------+---------+---------+-------+---------
         Total |       0 |   39171 |   0.0 |       0 |     381 |   0.0 | 14639
               +---------+---------+-------+---------+---------+-------+---------
           D:1 |       0 |      34 |   0.0 |       0 |      25 |   0.0 |   650
           D:2 |       0 |      18 |   0.0 |       0 |      12 |   0.0 |   520
           D:3 |       0 |     103 |   0.0 |       0 |      21 |   0.0 |   531
           D:4 |       0 |     870 |   0.0 |       0 |      30 |   0.0 |   902
           D:5 |       0 |    1032 |   0.0 |       0 |      20 |   0.0 |   648
           D:6 |       0 |     400 |   0.0 |       0 |      20 |   0.0 |   736
           D:7 |       0 |     628 |   0.0 |       0 |      19 |   0.0 |   662
           D:8 |       0 |    1182 |   0.0 |       0 |      20 |   0.0 |  1115
           D:9 |       0 |    2219 |   0.0 |       0 |      35 |   0.0 |  1198
          D:10 |       0 |    5003 |   0.0 |       0 |      54 |   0.0 |  1450
          D:11 |       0 |    3029 |   0.0 |       0 |      24 |   0.0 |   619
        Lair:1 |       0 |    6177 |   0.0 |       0 |      22 |   0.0 |  1260
        Lair:2 |       0 |    2558 |   0.0 |       0 |      10 |   0.0 |   613
        Lair:3 |       0 |    4797 |   0.0 |       0 |      23 |   0.0 |  1217
        Lair:4 |       0 |    3351 |   0.0 |       0 |      15 |   0.0 |  1029
        Lair:5 |       0 |    3832 |   0.0 |       0 |      16 |   0.0 |   189
           Lab |       0 |    3938 |   0.0 |       0 |      15 |   0.0 |  1087
               +---------+---------+-------+---------+---------+-------+---------
